AoeStats
← KootH.

Black Forest

504097792Analyzed
4v4 RM · 29d ago on Sep 3, 2026· 26m 38s· 8 players
Game mode
Random Map
Map size
Large (8 player)
Population
200
Speed
Normal
Resources
Standard
Victory
Conquest
Starting age
Dark Age
Ending age
Imperial Age
RankedLock teamsTeams togetherTeam positionsShared explorationLock speedFull tech treeHidden civsTurbo modeCheats
Victory
Defeat
🇫🇷 Lithuanians · France
2061
+2
🇩🇪 Koreans · Germany
1974
+4
🇩🇪 Khmer · Germany
1931
+5
🇷🇺 Goths · Russia
1821
+7
🇭🇰 Bohemians · Hong Kong SAR China
1716
-7
🇺🇦 Britons · Ukraine
1621
-4
🇺🇦 Wei · Ukraine
1620
-4
🇨🇴 Persians · Colombia
1547
-3
Крапка-У
5:40 Loom
12:31 Feudal Age
16:32 Castle Age
14:54 Double-Bit Axe
15:13 Horse Collar
16:32 Gold Mining
20:55 Heavy Plow
22:12 Bow Saw
24:07 Wheelbarrow
24:00 Stone Mining
25:31 Hand Cart
27:39 Stone Shaft Mining
27:42 Gold Shaft Mining
KootH.
6:40 Loom
11:09 Feudal Age
14:41 Castle Age
14:18 Horse Collar
15:06 Bloodlines
14:57 Double-Bit Axe
23:55 Bow Saw
23:49 Heavy Plow
24:50 Husbandry
26:39 Wheelbarrow
Deimos
0:43 Loom
10:08 Feudal Age
10:10 Man-at-Arms
10:36 Arson
21:45 Castle Age
20:04 Double-Bit Axe
24:09 Wheelbarrow
23:45 Bow Saw
23:17 Horse Collar
25:59 Heavy Plow
Hui
1:33 Loom
13:54 Feudal Age
14:40 Town Watch
14:42 Double-Bit Axe
18:51 Castle Age
18:03 Horse Collar
20:15 Fletching
RoR | Smokealot
0:38 Loom
14:11 Feudal Age
20:01 Castle Age
18:59 Horse Collar
19:07 Double-Bit Axe
23:44 Fortified Wall
25:39 Fortified Wall
25:40 Masonry
RoR | FloDuFive
0:53 Loom
12:26 Feudal Age
13:14 Horse Collar
16:16 Wheelbarrow
17:16 Double-Bit Axe
20:25 Castle Age
25:37 Fervor
26:43 Bow Saw
Imperio_cc
11:18 Feudal Age
14:02 Castle Age
11:57 Double-Bit Axe
11:53 Horse Collar
14:57 Bow Saw
24:53 Wheelbarrow
24:09 Gold Mining
28:12 Imperial Age
26:10 Heavy Plow
26:48 Gold Shaft Mining
26:19 Scale Barding Armor
26:24 Forging
26:34 Stone Mining
27:17 Bloodlines
27:08 Husbandry
Fresh To Death
0:26 Loom
11:26 Feudal Age
12:40 Double-Bit Axe
15:04 Castle Age
13:51 Horse Collar
16:02 Bow Saw
15:53 Heavy Plow
22:11 Wheelbarrow
23:33 Hand Cart
24:40 Gold Mining
28:19 Imperial Age
26:25 Scale Mail Armor
27:25 Chain Mail Armor
27:21 Forging
27:14 Squires
26:35 Man-at-Arms
Connection lost

Rejoining the realm…

Still unreachable

The connection could not be restored.

Session expired

The server has moved on; the page needs a fresh start.